 Dungeon Crawl Stone Soup version 0.22-a0-815-gb582571 (webtiles) character file.

16412 BaronVonScrub the Blocker (level 12, -4/94 HPs)
             Began as a Formicid Fighter on July 23, 2018.
             Was an Elder of Qazlal.
             Slain by Snorg (16 damage)
             ... on level 3 of the Lair of Beasts.
             The game lasted 00:39:30 (14598 turns).

BaronVonScrub the Blocker (Formicid Fighter)       Turns: 14598, Time: 00:39:31

Health: -4/94      AC: 15    Str: 30 (31) XL:     12   Next: 69%
Magic:  12/12      EV: 13    Int: 10 (13) God:    Qazlal [****..]
Gold:   738        SH: 18    Dex:  9 (10) Spells: 11/11 levels left

rFire    . . .     SeeInvis +   A - +6 whip "Aqurul" {protect, Int+3}
rCold    . . .     Gourm    .   c - +0 shield
rNeg     . . .     Faith    .   r - +4 scale mail {MR+}
rPois    +         Spirit   .   (helmet unavailable)
rElec    .         Reflect  .   s - +0 cloak
rCorr    .         Harm     .   h - +0 pair of gloves
MR       ++...                  (no boots)
Stlth    ..........             (no amulet)
HPRegen  0.25/turn              w - ring of poison resistance
MPRegen  0.13/turn              y - +2 ring of evasion

@: mighty, repel missiles
A: permanent stasis, dig shafts and tunnels, four strong arms, antennae 3,
clever 1, deterioration 2
a: Dig, Shaft Self, Upheaval, Elemental Force, Renounce Religion


You were on level 3 of the Lair of Beasts.
You worshipped Qazlal.
Qazlal was greatly pleased with you.
You were not hungry.

You visited 3 branches of the dungeon, and saw 14 of its levels.
You also visited: Sewer.

You collected 738 gold pieces.

Inventory:

Hand Weapons
 a - a +3 war axe
 x - a +3 glaive
 A - the +6 whip "Aqurul" (weapon) {protect, Int+3}
   (You found it on level 8 of the Dungeon)

   It protects the one who uses it against injury (+AC on strike).
   It affects your intelligence (+3).
Armour
 b - a +0 scale mail
 c - a +0 shield (worn)
 h - a +0 pair of gloves (worn)
 r - a +4 scale mail of magic resistance (worn)
 s - a +0 cloak (worn)
 z - a +0 plate armour
 I - a +0 helmet
Jewellery
 d - an uncursed amulet of the gourmand
 w - a ring of poison resistance (left hand)
 y - a +2 ring of evasion (right hand)
 B - an uncursed ring of fire
 L - an uncursed ring of protection from magic {unknown}
Wands
 m - a wand of enslavement (14)
 t - a wand of random effects (45)
 v - a wand of iceblast (29)
 D - a wand of disintegration (27)
 E - a wand of polymorph (1)
 F - a wand of paralysis (7)
 H - a wand of clouds (5)
Scrolls
 g - 10 scrolls of identify
 k - 8 scrolls of remove curse
 l - 4 scrolls of amnesia
 n - 8 scrolls of teleportation
 p - a scroll of fear
Potions
 e - 6 potions of haste
 j - a potion of curing
 o - 5 potions of flight
 q - 4 potions of brilliance
 u - a potion of ambrosia
 C - a potion of magic
 G - a potion of berserk rage {unknown}
 J - a potion of might
 K - a potion of invisibility {unknown}
Comestibles
 f - 21 rations


   Skills:
 + Level 8.8 Fighting
 + Level 11.4(12.3) Axes
 * Level 7.8(10.7) Maces & Flails
 + Level 8.4 Armour
 - Level 1.5 Dodging
 + Level 12.1 Shields
 + Level 1.0 Invocations


You had 11 spell levels left.
You didn't know any spells.
Your spell library contained the following spells:

 Spells                   Type           Power        Failure   Level  Hunger
 Lightning Bolt           Conj/Air       #.........   100%        5    ######.
 Confuse                  Hex            #.......     91%         3    ####...
 Throw Frost              Conj/Ice       #.....       71%         2    ###....
 Freeze                   Ice            #...         56%         1    ##.....
 Summon Ice Beast         Ice/Summ       #.......     100%        4    #####..
 Ozocubu's Armour         Chrm/Ice       #.......     91%         3    ####...
 Shock                    Conj/Air       #...         56%         1    ##.....
 Swiftness                Chrm/Air       #.......     71%         2    ###....
 Throw Icicle             Conj/Ice       #.......     100%        4    #####..
 Airstrike                Air            #.........   100%        4    #####..
 Confusing Touch          Hex            #.....       56%         1    ##.....
 Metabolic Englaciation   Hex/Ice        #.........   100%        5    ######.
 Static Discharge         Conj/Air       #.......     91%         3    ####...
 Petrify                  Tmut/Erth      #.......     100%        4    #####..
 Gell's Gravitas          Tloc           #.........   91%         3    ####...
 Yara's Violent Unravell  Hex/Tmut       #.........   100%        5    ######.


Dungeon Overview and Level Annotations

Branches:
Dungeon (10/15)            Temple (1/1) D:4            Lair (3/6) D:10
  Swamp: Lair:2-4    Shoals: Lair:2-4     Snake: Lair:2-4    Spider: Lair:2-4
    Orc: D:9-12

Altars:
Ashenzari
Cheibriados
Dithmenos
Elyvilon
Fedhas
Gozag
Hepliaklqana
Kikubaaqudgha
Makhleb
Nemelex Xobeh
Okawaru
Qazlal
Ru
Sif Muna
Trog
Uskayaw
Vehumet
Wu Jian
Xom
Yredelemnul
Zin
The Shining One

Annotations:
Lair:1 exclusion: 3 oklob plants
Lair:2 Vlans's ghost, journeyman DrFE
Lair:3 Snorg


Innate Abilities, Weirdness & Mutations

You cannot be hasted, slowed, berserked, paralysed or teleported.
You can dig through walls and to a lower floor.
Your four strong arms can wield two-handed weapons with a shield.
You have a pair of large antennae on your head. (SInv)
Your mind is acute. (Int +2)
Your body often deteriorates upon taking damage.


Message History

You feel better. Snorg bites you.
* * * LOW HITPOINT WARNING * * *
Snorg closely misses you. You block Snorg's attack. x2
Snorg barely misses you. x2
You feel better. You block Snorg's attack. x2
Snorg claws you but does no damage.
You feel better. You block Snorg's attack. Snorg claws you but does no damage.
You block Snorg's attack. Snorg bites you!
* * * LOW HITPOINT WARNING * * *
You block Snorg's attack. Snorg closely misses you.
You feel better. You block Snorg's attack. x3
You feel better. Snorg misses you. You block Snorg's attack.
Snorg claws you but does no damage. You block Snorg's attack.
Snorg claws you but does no damage. x2
You feel better. You block Snorg's attack. Snorg claws you. Snorg misses you.
You feel better. Snorg bites you! You block Snorg's attack. x2
Snorg bites you!!
* * * LOW HITPOINT WARNING * * *
Snorg claws you!
You die...

.............
............
#........P .P
##........ #.#
#.......##....
#.......#....
+.§.§........
#..T†.>..###
##..@...####.#.
#P§..§.........
.......§§†.†......
##.#######P####..#
# ### ##


You could see Snorg (berserk).

Vanquished Creatures
  A hydra (Lair:2)
  2 two-headed ogres
  Pikel (D:8)
  Maurice (D:8)
  Joseph (D:8)
  2 centaur zombies
  2 black mambas (Lair:1)
  2 spiny frogs
  A gargoyle (D:9)
  2 komodo dragons (Lair:1)
  2 rime drakes
  4 hippogriffs
  4 blink frogs (Lair:3)
  A spriggan (D:9)
  14 yaks
  Grum (D:8)
  A hungry ghost (D:10)
  4 water moccasins
  3 porcupines
  4 orc warriors
  2 sky beasts (D:7)
  A slave (D:8)
  5 black bears
  2 ice beasts
  2 phantoms
  6 ogres
  3 centaurs
  3 crocodiles
  6 wolves
  5 big kobolds
  7 bullfrogs
  3 scorpions
  A jelly (D:9)
  5 wights (D:8)
  A bullfrog zombie (D:7)
  3 crimson imps
  2 hounds
  A gnoll shaman (D:6)
  13 orc priests
  A centaur skeleton (D:4)
  7 orc wizards
  4 iguanas
  11 worker ants
  A killer bee zombie (D:8)
  A hound skeleton (D:10)
  3 howler monkey zombies
  A worker ant zombie (D:6)
  8 gnolls
  13 adders
  2 river rats (Sewer)
  A shadow imp (D:10)
  4 oozes (Sewer)
  2 adder skeletons (D:9)
  4 worms
  3 dart slugs
  2 leopard geckos
  28 orcs
  9 bats
  7 giant cockroaches
  7 goblins
  7 hobgoblins
  10 jackals
  5 quokkas
  A ball python (Sewer)
  4 frilled lizards
  22 kobolds
  A leopard gecko skeleton (D:4)
  A quokka zombie (D:8)
  8 rats
302 creatures vanquished.

Vanquished Creatures (others)
  2 slaves (D:8)
  2 plants (Lair:1)
4 creatures vanquished.

Grand Total: 306 creatures vanquished

Notes
Turn   | Place    | Note
-------+----------+-------------------------------------------
     0 | D:1      | BaronVonScrub the Formicid Fighter began the quest for the Orb.
     0 | D:1      | Reached XP level 1. HP: 18/18 MP: 1/1
   157 | D:1      | Reached XP level 2. HP: 24/24 MP: 2/2
   393 | D:1      | Reached skill level 4 in Shields
   463 | D:1      | Reached XP level 3. HP: 28/29 MP: 3/3
  1634 | D:3      | Reached XP level 4. HP: 36/37 MP: 4/4
  2236 | D:3      | Reached XP level 5. HP: 39/42 MP: 5/5
  2847 | D:4      | Reached XP level 6. HP: 48/48 MP: 6/6
  3085 | D:4      | Noticed a phantom
  3104 | D:4      | Killed a phantom
  3104 | D:4      | Reached skill level 5 in Shields
  3256 | D:4      | Found a staircase to the Ecumenical Temple.
  3262 | Temple   | Entered the Ecumenical Temple
  3470 | Temple   | Became a worshipper of Qazlal Stormbringer
  3512 | D:5      | Entered Level 5 of the Dungeon
  3751 | D:5      | Noticed an ogre
  3758 | D:5      | Reached XP level 7. HP: 50/55 MP: 7/7
  4028 | D:4      | Reached skill level 5 in Axes
  4059 | D:5      | Reached skill level 5 in Armour
  4493 | D:5      | Found a shadowy altar of Dithmenos.
  4818 | D:6      | Reached XP level 8. HP: 18/61 MP: 8/8
  5033 | D:6      | Found a glowing drain.
  5063 | Sewer    | Entered a sewer
  5083 | Sewer    | Reached * piety under Qazlal
  5104 | Sewer    | Reached skill level 6 in Shields
  5168 | Sewer    | Reached skill level 5 in Fighting
  5619 | D:6      | You fall through a shaft for 3 floors!
  5632 | D:9      | Reached skill level 7 in Shields
  5632 | D:9      | Reached XP level 9. HP: 38/68 MP: 9/9
  5821 | D:9      | Reached ** piety under Qazlal
  6420 | D:9      | Noticed a tengu conjurer
  6420 | D:9      | Noticed a slime creature
  6420 | D:9      | Noticed a hippogriff
  6421 | D:9      | Noticed a seven-headed hydra
  6656 | D:9      | Noticed a manticore
  6835 | D:9      | Gained mutation: Armour fits poorly on your strangely shaped body. [potion of mutation]
  6835 | D:9      | Gained mutation: You are partially covered in slimy green scales. (AC +2) [potion of mutation]
  6841 | D:9      | Reached skill level 8 in Shields
  7077 | D:8      | Noticed Grum
  7092 | D:8      | Noticed Joseph
  7317 | D:7      | Reached XP level 10. HP: 61/76 MP: 10/10
  7609 | D:6      | Reached skill level 1 in Dodging
  8017 | D:7      | Lost mutation: You are partially covered in slimy green scales. (AC +2) [potion of mutation]
  8017 | D:7      | Lost mutation: Armour fits poorly on your strangely shaped body. [potion of mutation]
  8017 | D:7      | Gained mutation: Your body sometimes deteriorates upon taking damage. [potion of mutation]
  8017 | D:7      | Gained mutation: Your body often deteriorates upon taking damage. [potion of mutation]
  8017 | D:7      | Gained mutation: Your mind is acute. (Int +2) [potion of mutation]
  8058 | D:7      | Reached skill level 9 in Shields
  8743 | D:8      | Got an encrusted whip
  8744 | D:8      | Identified the +6 whip "Aqurul" {protect, Int+3} (You found it on level 8 of the Dungeon)
  8748 | D:8      | Reached *** piety under Qazlal
  8916 | D:8      | Noticed Maurice
  8919 | D:8      | Noticed Pikel
  8942 | D:8      | Killed Pikel
  8942 | D:8      | Reached skill level 10 in Axes
  8942 | D:8      | Reached skill level 1 in Maces & Flails
  8945 | D:8      | Killed Maurice
  8945 | D:8      | Reached skill level 10 in Shields
  8960 | D:8      | Noticed a two-headed ogre
  8968 | D:8      | Reached XP level 11. HP: 61/84 MP: 11/11
  8987 | D:8      | Killed a two-headed ogre
  9015 | D:8      | Killed Grum
  9317 | D:8      | Killed Joseph
  9783 | D:10     | Entered Level 10 of the Dungeon
  9796 | D:9      | Reached skill level 5 in Maces & Flails
 10156 | D:10     | Noticed a two-headed ogre
 10186 | D:9      | Killed a two-headed ogre
 10585 | D:10     | Reached **** piety under Qazlal
 10745 | D:10     | Reached skill level 11 in Shields
 11084 | D:10     | Found a staircase to the Lair.
 11304 | Lair:1   | Entered Level 1 of the Lair of Beasts
 11633 | Lair:1   | Reached XP level 12. HP: 83/92 MP: 12/12
 13270 | Lair:2   | Noticed a four-headed hydra
 13293 | Lair:2   | Killed a four-headed hydra
 13709 | Lair:2   | Reached skill level 12 in Shields
 13813 | Lair:2   | Found a runed door.
 13814 | Lair:2   | Found a shimmering altar of Xom.
 13814 | Lair:2   | Noticed Vlans's ghost (journeyman DrFE)
 13815 | Lair:2   | Noticed a scimitar of chaos
 13878 | Lair:2   | Reached skill level 1 in Invocations
 14575 | Lair:3   | Noticed Snorg
 14598 | Lair:3   | Slain by Snorg

Vault maps used:
D:1:      dpeg_arrival_pits
D:4:      minmay_temple_entry_fiery, first_ration
D:5:      grunt_dithmenos_smoke_and_mirrors
D:6:      cheibrodos_sewer_entry_sluice
D:8:      uniq_grum, uniq_joseph, uniq_maurice, uniq_pikel
D:9:      the_bakery, minmay_misc_feat_roman, minmay_misc_feat_ornament,
          minivault_12
D:10:     lair_entry_dummy
Temple:   nicolae_temple_the_god_donut
Lair:1:   grunt_megastairs_4, lemuel_fruit_tree, minmay_lair_oklob_chamber
Lair:2:   lab_entry_generic, ebering_ghost_xom
Lair:3:   minmay_swamp_entry_eels, hangedman_lair_unloving_vines,
          serial_bayou_shore_a, uniq_snorg, uniq_rupert
Sewer:    sewer_co_tree

Skill      XL: |  1  2  3  4  5  6  7  8  9 10 11 12 |
---------------+-------------------------------------+-----
Shields        | 4 5 7 8 10 11 12 | 12.1
Armour         | 4 5 6 7 8 |  8.4
Fighting       | 4 5 6 7 8 |  8.8
Axes           | 3 4 5 7 8 10 11 | 11.4
Dodging        | 1 |  1.5
Maces & Flails | 2 6 7 |  7.8
Invocations    | 1 |  1.0

Action                   |  1- 3 |  4- 6 |  7- 9 | 10-12 || total
-------------------------+-------+-------+-------+-------++-------
Melee: War axe           |   104 |   152 |   352 |   400 ||  1008
       Whip              |       |       |       |   210 ||   210
Invok: Elemental Force   |       |       |       |     1 ||     1
 Abil: Shaft Self        |       |       |     1 |       ||     1
       Dig               |       |       |       |     2 ||     2
Evoke: Wand              |       |       |       |     1 ||     1
  Use: Scroll            |     1 |     9 |     9 |     9 ||    28
       Potion            |       |     4 |     6 |    18 ||    28
  Eat: Chunk             |     2 |     4 |     9 |    14 ||    29
       Ration            |       |     1 |     1 |     4 ||     6
Armor: Scale mail        |    53 |    54 |   113 |   137 ||   357
Dodge: Dodged            |    38 |    64 |   107 |   167 ||   376
Block: Shield            |    68 |    93 |   257 |   494 ||   912

Table legend:
 A = Spawn XP
 B = Non-spawn XP
 C = Spawn XP percentage of total XP
 D = Spawn monster count
 E = Non-spawn monster count
 F = Spawn count percentage of total count
 G = Total turns spent on level
                    A         B        C        D         E        F      G
               +---------+---------+-------+---------+---------+-------+---------
         Total |       0 |   23447 |   0.0 |       0 |     301 |   0.0 | 14598
               +---------+---------+-------+---------+---------+-------+---------
           D:1 |       0 |      36 |   0.0 |       0 |      21 |   0.0 |   833
           D:2 |       0 |      31 |   0.0 |       0 |       9 |   0.0 |   787
           D:3 |       0 |      76 |   0.0 |       0 |      27 |   0.0 |   787
           D:4 |       0 |     391 |   0.0 |       0 |      14 |   0.0 |  1129
           D:5 |       0 |     401 |   0.0 |       0 |      13 |   0.0 |   947
           D:6 |       0 |     734 |   0.0 |       0 |      24 |   0.0 |  1011
           D:7 |       0 |    1378 |   0.0 |       0 |      27 |   0.0 |   969
           D:8 |       0 |    4252 |   0.0 |       0 |      31 |   0.0 |   989
           D:9 |       0 |    3588 |   0.0 |       0 |      35 |   0.0 |  2169
          D:10 |       0 |    2748 |   0.0 |       0 |      34 |   0.0 |  1179
        Lair:1 |       0 |    5204 |   0.0 |       0 |      22 |   0.0 |  1869
        Lair:2 |       0 |    2751 |   0.0 |       0 |      10 |   0.0 |  1140
        Lair:3 |       0 |    1344 |   0.0 |       0 |       6 |   0.0 |    49
         Sewer |       0 |     513 |   0.0 |       0 |      28 |   0.0 |   517
               +---------+---------+-------+---------+---------+-------+---------
